 Dungeon Crawl Stone Soup version 0.24.0-1-gfbc8707 (webtiles) character file.

Game seed: 17131359517640269288, levelgen mode: deterministic

22066 smeego the Covert (level 12, 0/92 HPs)
             Began as an Octopode Fighter on Oct 30, 2019.
             Was a High Priest of Vehumet.
             Slain by a white ugly thing (18 damage)
             ... on level 11 of the Dungeon.
             The game lasted 00:44:24 (18971 turns).

smeego the Covert (Octopode Fighter)               Turns: 18971, Time: 00:44:24

Health: 0/92       AC:  1    Str: 16    XL:     12   Next: 96%
Magic:  31/31      EV: 18    Int: 14    God:    Vehumet [*****.]
Gold:   1353       SH: 12    Dex: 16    Spells: 1/25 levels left

rFire    + . .     SeeInvis .   e - +0 demon blade (venom)
rCold    x . .     Gourm    .   b - +1 shield
rNeg     . . .     Faith    +   (helmet restricted)
rPois    +         Spirit   .   u - amulet of faith
rElec    .         Reflect  .   l - ring of flight
rCorr    .         Harm     .   m - ring of stealth
MR       .....                  x - +4 ring of dexterity
Stlth    +++++++...             y - ring of magical power
HPRegen  0.25/turn              C - ring of fire
MPRegen  0.22/turn              H - ring of poison resistance
                                (no ring)
                                (no ring)

@: about to teleport
A: almost no armour, stealthy swim, amphibious, 8 rings, constrict 8, camouflage
1, poison resistance, robust 1, gelatinous body 1
a: Renounce Religion, Evoke Flight


You were on level 11 of the Dungeon.
You worshipped Vehumet.
Vehumet was extremely pleased with you.
You were not hungry.

You visited 3 branches of the dungeon, and saw 16 of its levels.
You also visited: Sewer and Ossuary.

You collected 1353 gold pieces.

Inventory:

Hand Weapons
 e - a +0 demon blade of venom (weapon)
 n - a +1 dagger of speed
 B - the +8 mace of the Extremely Mad {flame, rElec rPois Int-2 Dex+5}
   (You found it on level 1 of the Lair of Beasts)

   It has been specially enchanted to burn those struck by it, causing extra
   injury to most foes and up to half again as much damage against particularly
   susceptible opponents.
   It affects your intelligence (-2).
   It affects your dexterity (+5).
   It insulates you from electricity.
   It protects you from poison.
Armour
 b - a +1 shield (worn)
Magical Staves
 F - an uncursed staff of poison
Jewellery
 l - a ring of flight (left tentacle)
 m - a ring of stealth (right tentacle)
 u - an amulet of faith (around mantle)
 x - a +4 ring of dexterity (on tentacle)
 y - a ring of magical power (on tentacle)
 C - a ring of fire (on tentacle)
 H - a ring of poison resistance (on tentacle)
 J - an uncursed amulet of rage {unknown}
 M - a +3 ring of protection {unknown}
Wands
 o - a wand of polymorph (20)
 w - a wand of flame (20)
 A - a wand of acid (1)
Scrolls
 a - a scroll of fog
 j - 9 scrolls of remove curse
 q - 14 scrolls of identify
 r - a scroll of enchant armour
 t - a scroll of summoning {unknown}
 D - a scroll of magic mapping
 E - a scroll of enchant weapon {unknown}
 G - a scroll of amnesia
 N - a scroll of vulnerability {unknown}
Potions
 c - 4 potions of might
 f - 3 potions of degeneration
 g - 3 potions of curing
 h - a potion of magic {unknown}
 p - 4 potions of brilliance
 s - a potion of flight
 v - 2 potions of ambrosia
 z - a potion of agility
 K - 2 potions of lignification {unknown}
 L - a potion of heal wounds
Miscellaneous
 I - a lamp of fire
Comestibles
 d - 23 rations


   Skills:
 + Level 8.6 Fighting
 - Level 2.0 Long Blades
 + Level 8.6 Dodging
 + Level 11.0 Stealth
 + Level 8.6 Shields
 + Level 7.2 Spellcasting
 * Level 6.9 Conjurations
 * Level 6.8 Charms
 + Level 4.5 Necromancy
 + Level 4.6 Fire Magic


You had one spell level left.
You knew the following spells:

 Your Spells              Type           Power        Failure   Level  Hunger
a - Regeneration          Chrm/Necr      ###.......   9%          3    ##.....
b - Throw Flame           Conj/Fire      ####..       1%          2    None
c - Sticky Flame          Conj/Fire      ####....     8%          4    ####...
d - Flame Tongue          Conj/Fire      ####.        1%          1    None
e - Dazzling Spray        Conj/Hex       ##....       6%          3    ##.....
f - Conjure Flame         Conj/Fire      ####....     2%          3    ##.....
g - Fireball              Conj/Fire      ####......   21%         5    #####..
h - Ignite Poison         Fire/Tmut/Pois ##......     13%         3    ##.....

Your spell library contained the following spells:

 Spells                   Type           Power        Failure   Level  Hunger
 Force Lance              Conj/Tloc      ##......     19%         4    ####...
 Corpse Rot               Necr           N/A          8%          2    None
 Inner Flame              Hex/Fire       ###.....     11%         3    ##.....


Dungeon Overview and Level Annotations

Branches:
Dungeon (11/15)            Temple (1/1) D:7            Lair (4/6) D:8
  Swamp (0/4) Lair:2        Snake (0/4) Lair:3          Orc (0/2) D:10
  Sewer (visited)         Ossuary (visited)

Altars:
Ashenzari
Cheibriados
Elyvilon
Fedhas
Hepliaklqana
Makhleb
Nemelex Xobeh
Okawaru
Qazlal
Sif Muna
Trog
Uskayaw
Vehumet
Wu Jian
Xom
Yredelemnul
The Shining One

Shops:
D:7 }

Annotations:
D:6 1 runed translucent door, Mnat's ghost, novice GrEE
D:7 1 runed translucent door


Innate Abilities, Weirdness & Mutations

You cannot wear most types of armour.
You are very stealthy in the water. (Stealth+)
You are amphibious.
You can wear up to eight rings at the same time.
You can use your tentacles to constrict eight enemies at once.
Your skin changes colour to match your surroundings (Stealth+).
Your rubbery body absorbs attacks. (AC +1, EV +1)
Your system is resistant to poisons. (rPois)
You are robust. (+10% HP)


Message History

Okay, then.
Okay, then.
Okay, then.
The orc throws a boomerang.
You block the boomerang.
The weapon returns to the orc!
Casting: Throw Flame (safe; 1% risk of failure)
Confirm with . or Enter, or press ? or * to list all spells.
Okay, then.
There are monsters nearby!
Unknown command.
There are monsters nearby!
Unknown command.
The orc throws a boomerang.
The boomerang misses you.
The weapon returns to the orc!
All of the chunks of flesh in your inventory have rotted away.
As you read the scroll of teleportation, it crumbles to dust.
You feel strangely unstable. The white ugly thing gores you.
* * * LOW HITPOINT WARNING * * *
The white ugly thing freezes you!!
You feel a terrible chill!
You die...

..#..########........ #...o#.....
..#...#....#.........#####'#.....
..#####....#...#######...........
..#..##....##..#......o..........
..#..##....##..#.......o.........
..#............+.................
..#............#......###'#####+#
..'..###########.u.o..#....#....)
..#..##....#....@###+##....#.....
###..##....#.....#...####'###....
.##..##....#.....'...##....##....
.....##....#.....#....>..........
.....##....#.....#.........#####'
.##..##....#.....#...##....#.....
.######....+.....#...##....#.....
......'....#.....#...##....'.....
.....#######.....#...##....#.....


You could see a white ugly thing, an orc priest and 2 orcs.

Vanquished Creatures
  3 two-headed ogres
  Sonja (D:11)
  A skeletal warrior (D:9)
  An ugly thing (D:8)
  A cyclops (D:9)
  A black mamba (Lair:3)
  2 rime drakes
  2 spiny frogs
  5 komodo dragons
  A troll (D:10)
  A hornet (D:11)
  4 blink frogs (Lair:4)
  3 hippogriffs
  A shadow (D:8)
  16 yaks
  2 basilisks
  6 wyverns
  7 nagas (Lair:3)
  Edmund (D:6)
  An acid dragon (D:8)
  6 water moccasins
  Duvessa (D:6)
  6 porcupines
  A phantom (D:7)
  A black bear (D:10)
  A hornet zombie (D:10)
  6 orc warriors
  5 sky beasts
  An ice beast (D:9)
  4 wolves (Lair:2)
  A necrophage (D:8)
  4 ogres
  A centaur (D:6)
  10 crocodiles
  2 big kobolds
  Blork the orc (D:4)
  3 elf zombies (Ossuary)
  19 bullfrogs
  Dowan (D:6)
  6 scorpions
  6 killer bees (D:8)
  4 wights
  9 howler monkeys
  2 human zombies (Ossuary)
  6 crimson imps
  3 centaur zombies
  2 bullfrog zombies
  3 bullfrog skeletons
  3 hounds
  3 jellies
  8 orc priests
  12 orc wizards
  A centaur skeleton (D:9)
  6 hell rats (Lair:4)
  14 worker ants
  3 hound zombies
  3 mummies (Ossuary)
  A hound skeleton (D:4)
  Robin (D:3)
  A worker ant zombie (D:8)
  12 adders
  4 gnolls
  2 shadow imps
  3 oozes
  6 adder zombies
  3 adder skeletons
  2 worms
  A dart slug (D:2)
  9 leopard geckos
  54 orcs
  5 giant cockroaches
  4 gnoll zombies (Ossuary)
  11 goblins
  10 hobgoblins
  16 jackals
  18 kobolds
  2 quokkas
  8 bats
  5 frilled lizards
  A goblin skeleton (D:7)
  A goblin zombie (Ossuary)
  5 hobgoblin zombies (Ossuary)
  2 jackal skeletons
  3 kobold zombies (Ossuary)
  A leopard gecko skeleton (D:4)
  2 leopard gecko zombies (D:6)
  7 quokka zombies (Ossuary)
  12 rats
  6 rat zombies (Ossuary)
  A fungus (Lair:4)
447 creatures vanquished.

Vanquished Creatures (others)
  An adder skeleton (D:8)
  3 fungi
  A plant (Lair:1)
  3 toadstools (D:4)
8 creatures vanquished.

Grand Total: 455 creatures vanquished

Notes
Turn   | Place    | Note
-------+----------+-------------------------------------------
     0 | D:1      | smeego the Octopode Fighter began the quest for the Orb.
     0 | D:1      | Reached XP level 1. HP: 16/16 MP: 1/1
   127 | D:1      | Reached XP level 2. HP: 21/21 MP: 2/2
   179 | D:1      | Reached skill level 1 in Stealth
   288 | D:1      | Found a sparkling altar of Nemelex Xobeh.
   638 | D:2      | Reached XP level 3. HP: 23/26 MP: 4/4
   743 | D:2      | Reached skill level 1 in Spellcasting
  1505 | D:3      | Noticed Robin
  1508 | D:3      | Reached skill level 2 in Stealth
  1513 | D:3      | Killed Robin
  1513 | D:3      | Reached XP level 4. HP: 17/31 MP: 5/5
  2040 | D:3      | Reached XP level 5. HP: 36/36 MP: 7/7
  2784 | D:3      | Reached skill level 3 in Stealth
  2887 | D:4      | Reached XP level 6. HP: 20/43 MP: 7/9
  2959 | D:4      | Found a glowing drain.
  3012 | Sewer    | Entered a sewer
  3302 | D:4      | Found a sand-covered staircase.
  3310 | Ossuary  | Entered an ossuary
  3337 | Ossuary  | Reached skill level 4 in Stealth
  3377 | Ossuary  | Reached XP level 7. HP: 16/48 MP: 10/10
  4083 | Ossuary  | Reached skill level 5 in Stealth
  4219 | D:4      | Noticed Blork the orc
  4229 | D:4      | Killed Blork the orc
  4412 | D:4      | Reached XP level 8. HP: 45/54 MP: 12/12
  4502 | D:4      | Reached skill level 5 in Fighting
  4549 | D:4      | Reached skill level 5 in Shields
  4573 | D:4      | Reached skill level 5 in Dodging
  5085 | D:5      | Entered Level 5 of the Dungeon
  5313 | D:5      | Reached skill level 6 in Stealth
  5549 | D:5      | Gained mutation: You are robust. (+10% HP) [potion of
                  | mutation]
  5549 | D:5      | Gained mutation: You are dopey. (Int -2) [potion of
                  | mutation]
  5549 | D:5      | Lost mutation: You are dopey. (Int -2) [potion of mutation]
  5549 | D:5      | Gained mutation: Your system is resistant to poisons.
                  | (rPois) [potion of mutation]
  6403 | D:6      | Found a runed translucent door.
  6405 | D:6      | Noticed Mnat's ghost (novice GrEE)
  6437 | D:6      | Noticed Edmund
  6446 | D:6      | Killed Edmund
  6528 | D:6      | Reached XP level 9. HP: 56/68 MP: 15/15
  6572 | D:6      | Found a shimmering blue altar of Sif Muna.
  6592 | D:6      | Reached skill level 7 in Stealth
  6610 | D:6      | Noticed Dowan
  6679 | D:7      | Found a runed translucent door.
  6726 | D:7      | Found a basalt altar of Yredelemnul.
  7056 | D:7      | Found Voob's Gadget Shop.
  7324 | D:8      | Noticed a komodo dragon
  7337 | D:8      | Killed a komodo dragon
  7337 | D:8      | Reached skill level 8 in Stealth
  7337 | D:8      | Reached skill level 5 in Spellcasting
  7857 | D:6      | Noticed Duvessa
  8517 | D:6      | Killed Duvessa
  8518 | D:6      | Killed Dowan
  8518 | D:6      | Reached XP level 10. HP: 20/75 MP: 16/18
  8889 | D:7      | Found a staircase to the Ecumenical Temple.
  8895 | Temple   | Entered the Ecumenical Temple
  8929 | Temple   | Became a worshipper of Vehumet
  9266 | D:8      | Noticed a red ugly thing
  9266 | D:8      | Noticed a deep elf mage
  9473 | D:9      | Reached skill level 9 in Stealth
  9525 | D:9      | Reached * piety under Vehumet
  9525 | D:9      | Offered knowledge of Freeze by Vehumet.
  9529 | D:9      | Learned a level 1 spell: Freeze
  9531 | D:9      | Noticed a two-headed ogre
  9599 | D:9      | Noticed a cyclops
  9600 | D:9      | Noticed a skeletal warrior
  9605 | D:9      | Identified the Incunabulum of Burning Black Rituals
  9629 | D:8      | Learned a level 3 spell: Regeneration
  9632 | D:8      | Learned a level 2 spell: Throw Flame
  9637 | D:8      | Learned a level 4 spell: Sticky Flame
  9801 | D:8      | Reached skill level 1 in Conjurations
  9823 | D:8      | Reached skill level 1 in Charms
  9828 | D:8      | Found a staircase to the Lair.
  9842 | Lair:1   | Entered Level 1 of the Lair of Beasts
  9860 | Lair:1   | Noticed a spiny frog
  9868 | Lair:1   | Killed a spiny frog
  9868 | Lair:1   | Reached skill level 1 in Necromancy
  9868 | Lair:1   | Reached skill level 1 in Fire Magic
 10727 | Lair:2   | Noticed a spiny frog
 10737 | Lair:2   | Killed a spiny frog
 10741 | Lair:2   | Offered knowledge of Flame Tongue by Vehumet.
 10743 | Lair:2   | Reached ** piety under Vehumet
 10743 | Lair:2   | Reached XP level 11. HP: 62/82 MP: 20/20
 10746 | Lair:2   | Learned a level 1 spell: Flame Tongue
 10898 | Lair:2   | Found a staircase to the Swamp.
 12323 | Lair:1   | Reached skill level 10 in Stealth
 12485 | Lair:1   | Got a scorched mace
 12531 | Lair:1   | Identified the +8 mace of the Extremely Mad {flame, rElec
                  | rPois Int-2 Dex+5} (You found it on level 1 of the Lair of
                  | Beasts)
 12659 | Lair:1   | You fall into a shaft and drop 1 floor!
 13113 | D:8      | Offered knowledge of Dazzling Spray by Vehumet.
 13485 | D:9      | Reached *** piety under Vehumet
 13490 | D:9      | Learned a level 3 spell: Dazzling Spray
 13750 | D:9      | Reached skill level 5 in Conjurations
 13984 | D:9      | Reached skill level 5 in Charms
 13984 | D:9      | Killed a skeletal warrior
 13984 | D:9      | Reached XP level 12. HP: 31/90 MP: 15/21
 13986 | D:9      | Killed a two-headed ogre
 14338 | D:9      | Offered knowledge of Throw Icicle by Vehumet.
 14487 | D:9      | Noticed a two-headed ogre
 14511 | D:9      | Killed a two-headed ogre
 15131 | D:10     | Entered Level 10 of the Dungeon
 15156 | D:10     | Reached **** piety under Vehumet
 15404 | D:9      | Offered knowledge of Force Lance by Vehumet.
 16382 | Lair:3   | Found a staircase to the Snake Pit.
 17872 | D:10     | Noticed a two-headed ogre
 17876 | D:10     | Killed a two-headed ogre
 17889 | D:10     | Reached skill level 11 in Stealth
 17941 | D:10     | Found a staircase to the Orcish Mines.
 18697 | D:11     | Noticed Sonja
 18716 | D:11     | Killed Sonja
 18821 | D:11     | Learned a level 3 spell: Conjure Flame
 18825 | D:11     | Reached ***** piety under Vehumet
 18833 | D:11     | Learned a level 5 spell: Fireball
 18837 | D:11     | Learned a level 3 spell: Ignite Poison
 18898 | D:11     | Found the +8 arc blade {discharge, rElec}
 18971 | D:11     | Slain by a white ugly thing

Levels and vault maps discovered:
D:1:      matt_arrival_grand_opening, layout_loops_ring,
          nemelex_xobeh_ov_fountains_minmay
D:2:      layout_basic, first_ration
D:3:      minmay_inner_zag, layout_basic, serial_rivers,
          chequers_serial_rivers_large_b, chequers_serial_rivers_small_3,
          chequers_serial_rivers_large_a, chequers_serial_rivers_room_b,
          chequers_serial_rivers_small_3, chequers_serial_rivers_marsh,
          uniq_robin
D:4:      layout_loops_corners, gup_sewer_entry_bowl, enter_ossuary_3,
          minmay_misc_feat_chi, minmay_stone_trees_small,
          minmay_gold_behind_fungi, uniq_blork_the_orc
D:5:      layout_rooms
D:6:      layout_cave_pods, lemuel_crystal_altar, ebering_ghost_inner_flame,
          uniq_edmund, uniq_duvessa
D:7:      layout_basic, minmay_temple_entry_gardened_gates, serial_shops,
          nicolae_shop_statue_plus, minivault_14, minivault_5, the_bakery,
          dk_yredelemnul_ordeal
D:8:      minmay_the_grid_triangle_9x9_rhombus_thin
          [minmay_the_grid_triangle_9x9_sparse_checkered,
          minmay_the_grid_triangle_9x9_prize_top_heavy,
          minmay_the_grid_triangle_9x9_impossible_snake,
          minmay_the_grid_triangle_9x9_wacky_v], layout_gridville,
          erik_lair_dragon
D:9:      hangedman_cross_cluster, layout_layer_cave
D:10:     minmay_evil_eye, layout_gridville, erik_orc_4
D:11:     layout_gridville, uniq_sonja
Temple:   nicolae_temple_the_god_donut
Lair:1:   layout_roguey
Lair:2:   layout_regular_city, swamp_mist
Lair:3:   layout_regular_city, minmay_snake_entry_guardpost_medium
Lair:4:   layout_roguey [special_room_mythical_zoo]

Skill      XL: |  1  2  3  4  5  6  7  8  9 10 11 12 |
---------------+-------------------------------------+-----
Stealth        | 1 2 3 4 5 6 8 9 10 11 | 11.0
Spellcasting   | 1 2 3 4 5 6 7 |  7.2
Shields        | 4 5 6 7 8 |  8.6
Fighting       | 4 5 6 7 8 |  8.6
Dodging        | 4 5 6 7 8 |  8.6
Conjurations   | 3 5 6 |  6.9
Charms         | 3 5 6 |  6.8
Necromancy     | 2 3 4 |  4.5
Fire Magic     | 2 3 4 |  4.6
Long Blades    | |  2.0

Action                   |  1- 3 |  4- 6 |  7- 9 | 10-12 || total
-------------------------+-------+-------+-------+-------++-------
Melee: Long sword        |    59 |   146 |   319 |    45 ||   569
       Constrict         |    19 |    47 |    88 |    96 ||   250
       Tentacles         |    12 |    38 |    82 |   150 ||   282
       Dagger            |       |     1 |    18 |    10 ||    29
       Demon blade       |       |       |       |   442 ||   442
       Mace              |       |       |       |     4 ||     4
 Cast: Regeneration      |       |       |       |    25 ||    25
       Sticky Flame      |       |       |       |    29 ||    29
       Throw Flame       |       |       |       |    70 ||    70
       Flame Tongue      |       |       |       |     9 ||     9
       Dazzling Spray    |       |       |       |     4 ||     4
Evoke: Wand              |       |       |     8 |    14 ||    22
  Use: Potion            |       |     5 |    13 |     7 ||    25
       Scroll            |       |     6 |     5 |     9 ||    20
 Stab: Sleeping          |     8 |    17 |    28 |    37 ||    90
       Distracted        |       |       |     1 |       ||     1
       Invisible         |       |       |       |     3 ||     3
  Eat: Chunk             |     1 |     6 |     4 |    33 ||    44
       Ration            |       |     1 |     3 |     3 ||     7
Armor: Skin              |     3 |     5 |    14 |     8 ||    30
Dodge: Dodged            |    23 |    62 |   157 |   363 ||   605
Block: Shield            |    17 |    69 |   170 |   340 ||   596
       Rpst.: Long sword |     6 |    23 |    53 |    11 ||    93
       Demon blade       |       |       |       |    80 ||    80
